 Dungeon Crawl Stone Soup version 0.30.0-29-ga12c61a403 (webtiles) character file.

Game seed: 576278344028951941

36 Sabo the Chopper (level 3, -1/27 HPs)
             Began as a Demonspawn Gladiator on June 3, 2023.
             Was an Initiate of Dithmenos.
             Slain by Robin
             ... wielding a +0 mace
              (8 damage)
             ... on level 2 of the Dungeon.
             The game lasted 00:04:45 (1127 turns).

Sabo the Chopper (Demonspawn Gladiator)             Turns: 1127, Time: 00:04:46

Health: -1/27      AC:  3    Str: 16    XL:     3   Next: 19%
Magic:  12/12      EV: 12    Int:  9    God:    Dithmenos [......]
Gold:   67         SH:  0    Dex: 14    Spells: 2/2 levels left

rFire   . . .        a - +0 war axe
rCold   . . .        (no shield)
rNeg    . . .        b - +0 leather armour
rPois   .            (helmet restricted)
rElec   .            (no cloak)
rCorr   .            (no gloves)
SInv    .            (no boots)
Will    .....        (no amulet)
Stlth   +            j - ring of magical power
HPRegen 0.24/turn    (no ring)
MPRegen 0.13/turn

%: no passive effects
@: no status effects
A: antennae 1
a: Renounce Religion


You were on level 2 of the Dungeon.
You worshipped Dithmenos.
Dithmenos was noncommittal.
You visited 1 branch of the dungeon, and saw 2 of its levels.

You collected 67 gold pieces.

Inventory:

Hand Weapons
 a - a +0 war axe (weapon)
 m - a +0 sling
Missiles
 d - 3 throwing nets (quivered)
 e - a javelin
Armour
 b - a +0 leather armour (worn)
Jewellery
 j - a ring of magical power (left hand)
Scrolls
 h - a scroll of enchant weapon
Potions
 f - a potion of haste {unknown}
 g - 2 potions of curing {unknown}
 l - a potion of heal wounds {unknown}


   Skills:
 + Level 2.3 Fighting
 + Level 3.3 Axes
 + Level 2.0 Throwing
 + Level 0.1 Armour
 + Level 3.0 Dodging
 + Level 0.1 Stealth


You had 2 spell levels left.
You didn't know any spells.
Your spell library was empty.

Dungeon Overview and Level Annotations

Branches:
Dungeon (2/15)

Altars:
Dithmenos

Annotations:
D:2 Robin


Innate Abilities, Weirdness & Mutations

You have a pair of small antennae on your head.


Message History

You kill the goblin!
Dithmenos accepts your kill.
You hit the hobgoblin but do no damage. The hobgoblin barely misses you.
You slash the hobgoblin!
You kill the hobgoblin!
Dithmenos accepts your kill. The goblin hits you but does no damage.
You slash the goblin!
You kill the goblin!
Dithmenos accepts your kill.
Robin roars a battlecry!
The hobgoblin goes into a battle-frenzy!
You closely miss the hobgoblin. The hobgoblin hits you.
You closely miss the hobgoblin. The hobgoblin closely misses you.
The hobgoblin barely misses you.
A hobgoblin comes into view.
You hit the hobgoblin but do no damage. The hobgoblin hits you.
You closely miss the hobgoblin. The hobgoblin hits you.
You hit the hobgoblin.
The hobgoblin is almost dead.
The hobgoblin closely misses you.
Robin roars a battlecry!
The hobgoblin goes into a battle-frenzy!
The hobgoblin hits you.
You hear a shout!
You slash the hobgoblin!
You kill the hobgoblin!
Dithmenos accepts your kill.
You barely miss Robin. Robin misses you.
You hit Robin.
Robin is lightly wounded.
Robin hits you with a +0 mace.
* * * LOW HITPOINT WARNING * * *
A goblin comes into view. It is wielding a +0 dagger.
Robin barely misses you.
You slash Robin!
Robin is heavily wounded.
Robin says, "Kneel, worm!"
Robin hits you with a +0 mace!
You die...

#.......#
#.......#
#.......# ##
#.......##...
#............
#.......#####
#.......#
#####†#.#
#@#.# #g#.#
#g#.. #.# #
#g# ... ...
...


You could see Robin, a hobgoblin (strong) and a goblin.

Vanquished Creatures
  2 ball pythons (D:1)
  A bat (D:1)
  3 endoplasms (D:1)
  4 giant cockroaches
  8 goblins
  6 hobgoblins
  2 frilled lizards
  2 rats
28 creatures vanquished.

Notes
Turn   | Place    | Note
-------+----------+-------------------------------------------
     0 | D:1      | Sabo the Demonspawn Gladiator began the quest for the Orb.
     0 | D:1      | Reached XP level 1. HP: 16/16 MP: 1/1
   423 | D:1      | Gained mutation: You have a pair of small antennae on your
                  | head. [demonic ancestry]
   423 | D:1      | Reached XP level 2. HP: 19/22 MP: 2/2
   980 | D:2      | Found a shadowy altar of Dithmenos.
  1027 | D:2      | Became a worshipper of Dithmenos the Shadowed
  1114 | D:2      | Reached XP level 3. HP: 24/27 MP: 3/3
  1114 | D:2      | Noticed Robin
  1127 | D:2      | Slain by Robin

Illustrated notes

Levels and vault maps discovered:
D:1:      dpeg_arrival_three_same_balls, layout_basic
D:2:      layout_basic, basic_altar, uniq_robin

Skill      XL: |  1  2 |
---------------+-------+-----
Throwing       | 2 |  2.0
Axes           | 3 |  3.3
Dodging        | 3 |  3.0
Fighting       | |  2.3
Armour         | |  0.1
Stealth        | |  0.1

Action                     || total
---------------------------++-------
  Melee: War axe           ||    71
    Use: Scroll            ||     3
   Stab: Sleeping          ||     1
 Armour: Leather armour    ||    21
  Dodge: Dodged            ||    46
